 Dungeon Crawl Stone Soup version 0.30-a0-778-g2ef04afb54 (console) character file.

Game seed: 122095810720295680

326 rlgrobin the Cleaver (level 7, 0/57 HPs)
             Began as a Meteoran Fighter on Feb 17, 2023.
             Slain by a gnoll
             ... wielding a +0 flail
              (2 damage)
             ... on level 6 of the Dungeon.
             The game lasted 00:02:34 (457 turns).

rlgrobin the Cleaver (Meteoran Fighter)              Turns: 457, Time: 00:02:35

Health: 0/57       AC:  8    Str: 20    XL:     7   Next: 7%
Magic:  8/8        EV:  9    Int: 10    God:
Gold:   71         SH:  5    Dex: 13    Spells: 6/6 levels left

rFire   . . .      SeeInvis .    a - +0 war axe
rCold   . . .      Faith    .    c - +0 buckler
rNeg    . . .      Spirit   .    b - +0 scale mail
rPois   .          Reflect  .    (no helmet)
rElec   .          Harm     .    d - +0 cloak
rCorr   .          Rampage  .    (no gloves)
Will    .....                    (no boots) Stlth
                                 (no amulet)
HPRegen 0.29/turn                (no ring)
MPRegen 0.11/turn                (no ring)

@: glowing
A: sense surroundings 1, otherworldly, glowing, explore regen
a: no special abilities


You were on level 6 of the Dungeon.
You visited 1 branch of the dungeon, and saw 6 of its levels.

You collected 71 gold pieces.

Inventory:

Hand Weapons
 a - a +0 war axe (weapon)
Missiles
 h - 2 poisoned darts (quivered)
Armour
 b - a +0 scale mail (worn)
 c - a +0 buckler (worn)
 d - a +0 cloak (worn)
Wands
 g - a wand of iceblast (8)
Potions
 e - a potion of berserk rage {unknown}
 f - a potion of magic {unknown}
 i - a potion of degeneration {unknown}
 j - a potion of mutation {unknown}


   Skills:
 - Level 3.2 Fighting
 + Level 8.1 Axes
 - Level 3.6 Armour
 - Level 3.6 Shields


You had 6 spell levels left.
You didn't know any spells.
Your spell library was empty.

Dungeon Overview and Level Annotations

Branches:
Dungeon (6/15) Zot: 3122
 Temple: D:4-7

Altars:
Vehumet

Annotations:
D:4 Duvessa


Innate Abilities, Weirdness & Mutations

You passively map a small area around you.
You are easily found by Zot.
You glow in the dark.
You regain HP and MP as you explore.


Message History

You hit the white imp but do no damage.
You hear a shout!
You block the white imp's attack.
You hit the white imp.
The white imp is moderately wounded.
The white imp hits you but does no damage.
You hit the white imp but do no damage.
The white imp is moderately wounded.
You barely miss the orc priest. You block the orc priest's attack.
The white imp hits you but does no damage.
You slash the white imp!
You kill the white imp!
You hit the orc priest.
A gnoll comes into view. It is wielding a +0 halberd.
The orc priest calls down the wrath of Beogh upon you.
Beogh smites you!
You barely miss the orc priest.
The orc priest is lightly wounded.
You barely miss the gnoll. The gnoll hits you with a +0 flail!
The orc priest closely misses you.
You are too injured to fight recklessly!
You are too injured to fight recklessly!
You are too injured to fight recklessly!
You barely miss the orc priest.
The orc priest is lightly wounded.
You hit the gnoll but do no damage. The gnoll hits you with a +0 flail.
The gnoll closely misses you.
The orc priest hits you with a +0 flail.
You barely miss the orc priest.
The orc priest is lightly wounded.
You hit the gnoll but do no damage. The gnoll hits you with a +0 flail.
The gnoll barely misses you.
The orc priest invokes the aid of Beogh against you.
Beogh smites you!
* * * LOW HITPOINT WARNING * * *
You block the gnoll's attack.
The orc priest hits you with a +0 flail.
* * * LOW HITPOINT WARNING * * *
The gnoll hits you with a +0 flail.
You die...

* ####### ##### ,
).g.hgo####...##
,
#g@......<######
#####...........#
* , #.....#~~~#.#
, , * ##...#~≈≈~#
* ** ##.#~~≈≈~..
** * #.#~≈≈~~###
* #.~~≈≈~## * *
#.~≈≈~~# ~ *
#~~≈≈~##


You could see a hound, an orc priest and 3 gnolls.

Vanquished Creatures
  A black bear (D:4)
  A scorpion (D:3)
  Dowan (D:4)
  A centaur zombie (D:3)
  Crazy Yiuf (D:2)
  Natasha (D:4)
  A hound skeleton (D:3)
  A white imp (D:6)
  An adder zombie (D:3)
  A worm (D:2)
  2 orcs
  A ball python (D:4)
  An endoplasm (D:4)
  2 goblins (D:2)
  2 hobgoblins
  2 jackals (D:2)
  2 kobolds (D:4)
  A quokka (D:4)
  A rat (D:3)
24 creatures vanquished.

Notes
Turn   | Place    | Note
-------+----------+-------------------------------------------
     0 | D:1      | rlgrobin the Meteoran Fighter began the quest for the Orb.
     0 | D:1      | Reached XP level 1. HP: 19/19 MP: 2/2
    74 | D:2      | Found a runed translucent door.
    75 | D:2      | Noticed Crazy Yiuf
    89 | D:2      | Killed Crazy Yiuf
    90 | D:2      | Reached skill level 4 in Axes
    90 | D:2      | Reached XP level 2. HP: 6/26 MP: 3/3
    90 | D:2      | Reached XP level 3. HP: 8/31 MP: 4/4
   174 | D:3      | Noticed a scorpion
   183 | D:3      | Killed a scorpion
   184 | D:3      | Reached skill level 5 in Axes
   184 | D:3      | Reached XP level 4. HP: 35/38 MP: 5/5
   184 | D:3      | Reached XP level 5. HP: 42/45 MP: 6/6
   214 | D:3      | Reached skill level 6 in Axes
   327 | D:4      | Found a radiant altar of Vehumet.
   327 | D:4      | Noticed Dowan
   327 | D:4      | Noticed Duvessa
   386 | D:4      | Killed Dowan
   387 | D:4      | Reached skill level 7 in Axes
   387 | D:4      | Reached XP level 6. HP: 19/51 MP: 7/7
   391 | D:4      | Noticed a black bear
   409 | D:4      | Killed a black bear
   418 | D:4      | Noticed Natasha
   424 | D:4      | Killed Natasha
   425 | D:4      | Reached skill level 8 in Axes
   425 | D:4      | Reached XP level 7. HP: 29/57 MP: 8/8
   438 | D:5      | Entered Level 5 of the Dungeon
   438 | D:5      | Noticed a water moccasin
   438 | D:5      | Noticed a yak
   438 | D:5      | Noticed a yak
   440 | D:5      | Noticed a yak
   457 | D:6      | HP: 2/57 [orc priest/+0 flail (3)]
   457 | D:6      | Slain by a gnoll

Illustrated notes

Levels and vault maps discovered:
D:1:      dpeg_arrival_rooms_c, layout_loops_ring,
          shapermc_ecumenical_altar_notcrosses,
          nicolae_concentric_dashed_squares_wild, minmay_heptomino_d4
D:2:      layout_basic, serial_shops, shop, minmay_misc_feat_plants,
          uniq_crazy_yiuf_cottage
D:3:      layout_loops_cross, grunt_temple_overflow_open,
          general_overflow_altar, serial_undead, serial_undead_f,
          serial_undead_d, serial_undead_e, serial_undead_d, serial_undead_e,
          serial_undead_a, serial_shops, nicolae_shop_hallway_plus
D:4:      layout_basic, nicolae_vehumet_radiance, uniq_natasha,
          uniq_blork_the_orc, uniq_duvessa
D:5:      layout_rooms
D:6:      wander_river, layout_loops_ring, temple_pool_b,
          kennysheep_flooded_box, minmay_misc_feat_cross,
          minmay_misc_feat_four_crosses, st_stairs_13

Skill      XL: |  1  2  3  4  5  6 |
---------------+-------------------+-----
Axes           | 4 5 7 8 |  8.1
Fighting       | |  3.2
Armour         | |  3.6
Shields        | |  3.6

Action                     |  1- 3 |  4- 6 |  7- 9 || total
---------------------------+-------+-------+-------++-------
  Melee: War axe           |    25 |    60 |     8 ||    93
    Use: Potion            |     1 |       |       ||     1
 Armour: Scale mail        |    11 |    34 |     2 ||    47
  Dodge: Dodged            |     8 |    33 |     3 ||    44
  Block: Buckler           |     3 |    11 |     3 ||    17

Table legend: (Time is in decaauts)
 A = Elapsed time spent in this place.
 B = Non-inter-level travel time spent in this place.
 C = Inter-level travel time spent in this place.
 D = Time resting spent in this place.
 E = Time spent auto-exploring this place.
 F = Levels seen in this place.
 G = Mean time per level.
                   A        B        C        D        E       F      G
               +--------+--------+--------+--------+--------+-----+--------+
         Total |    476 |    476 |      0 |      0 |      0 |   6 |   79.3 |
       Dungeon |    476 |    476 |      0 |      0 |      0 |   6 |   79.3 |
               +--------+--------+--------+--------+--------+-----+--------+

Top non-repeatable levels by time:
     D:4: 147 daAuts
     D:3: 136 daAuts
     D:2: 133 daAuts
     D:1: 41 daAuts
     D:6: 15 daAuts
     D:5: 3 daAuts
